 Dungeon Crawl Stone Soup version 0.24.0-13-gcf9b3192b9 (console) character file.

Game seed: 9826757434212047322, levelgen mode: deterministic

436 AlterAsc the Insei (level 7, -1/35 HPs)
             Began as a Vine Stalker Transmuter on Nov 9, 2019.
             Slain by an orc wizard
             ... wielding a +0 dagger
              (2 damage)
             ... on level 4 of the Dungeon.
             The game lasted 00:08:35 (2669 turns).

AlterAsc the Insei (Vine Stalker Transmuter)        Turns: 2669, Time: 00:08:36

Health: -1/35      AC:  2    Str: 14    XL:     7   Next: 1%
Magic:  0/13       EV: 12    Int: 13    God:
Gold:   150        SH:  0    Dex: 15    Spells: 12/13 levels left

rFire    . . .     SeeInvis .     - Unarmed
rCold    . . .     Gourm    .   (no shield)
rNeg     . . .     Faith    .   b - +0 robe
rPois    .         Spirit   +   (no helmet)
rElec    .         Reflect  .   (no cloak)
rCorr    .         Harm     .   (no gloves)
MR       .....                  (no boots)
Stlth    +.........             (no amulet)
HPRegen  0.51/turn              (no ring)
MPRegen  0.13/turn              (no ring)

@: no status effects
A: fangs 2, regeneration 1, magic shield, antimagic bite, no potion heal 3, rot
immunity
a: no special abilities


You were on level 4 of the Dungeon.
You were not hungry.

You visited 1 branch of the dungeon, and saw 4 of its levels.

You collected 150 gold pieces.

Inventory:

Missiles
 a - 69 arrows
Armour
 b - a +0 robe (worn)
Wands
 f - a wand of digging (5)
Scrolls
 c - a scroll of immolation
 e - 2 scrolls of enchant armour
 g - a scroll of remove curse
 j - 4 scrolls of magic mapping
 m - 2 scrolls of enchant weapon
Potions
 h - a potion of resistance {unknown}
 i - a potion of berserk rage {unknown}
 k - a potion of curing
 l - a potion of mutation {unknown}
 n - a potion of ambrosia {unknown}
 p - a potion of degeneration {unknown}
Comestibles
 d - 9 rations
 o - 13 chunks of flesh


   Skills:
 + Level 2.7 Fighting
 - Level 1.7 Dodging
 * Level 5.2 Unarmed Combat
 + Level 3.7 Spellcasting
 + Level 3.6 Transmutations


You had 12 spell levels left.
You knew the following spells:

 Your Spells              Type           Power        Failure   Level  Hunger
a - Beastly Appendage     Tmut           ##....       4%          1    #......

Your spell library contained the following spells:

 Spells                   Type           Power        Failure   Level  Hunger
 Sticks to Snakes         Tmut           ##......     7%          2    ##.....
 Spider Form              Tmut/Pois      #.........   30%         3    ###....
 Ice Form                 Ice/Tmut       #.......     69%         4    #####..
 Blade Hands              Tmut           ##........   78%         5    ######.


Dungeon Overview and Level Annotations

Branches:
Dungeon (4/15)
 Temple: D:4-7

Altars:
Dithmenos
Gozag
Okawaru
Yredelemnul

Annotations:
D:3 Ijyb
D:4 1 transporter


Innate Abilities, Weirdness & Mutations

You have extremely sharp teeth.
Your natural rate of healing is unusually fast.
When hurt, damage is shared between your health and your magic reserves.
Your bite disrupts and absorbs the magic of your enemies.
Potions cannot restore your health.
You are immune to rotting.


Message History

* * * LOW HITPOINT WARNING * * *
You hit the orc wizard. You bite the orc wizard.
The orc wizard's magic leaks into the air.
You drain its magic.
You feel invigorated.
The orc wizard is heavily wounded.
The orc wizard hits you with a +0 dagger.
* * * LOW HITPOINT WARNING * * *
The orc wizard hits you with a +0 dagger.
You hear some strange, mumbled words.
A puff of flame appears from out of thin air!
The puff of flame misses you.
The puff of flame misses the orc wizard.
You hit the orc wizard but do no damage.
You bite the orc wizard.
The orc wizard's magic leaks into the air.
You drain its magic.
You feel invigorated.
The orc wizard is severely wounded.
The orc wizard hits you with a +0 dagger.
Something hits you.
You die...

...........#####.###o..o......[..
..........)÷(..(...o.)##.#######.
...........#####.####....##
...........# #.# #.##<.#
...........# #.# #.##..##
..........## #o# #.##...#
...#.....## #o# #.#..#..#
#.######## #{# #...###... #..###
#@# ##.### ...# ##...# #o# #...#
..# ###.## #.###.#.# #..#####
#<##..#... ##.....###
#.##.###.... #####.†.####.#..#
...... ###..>##...## ......
###.)...## .##### ###..##


You could see an orc wizard and 2 orcs.

Vanquished Creatures
  An ogre (D:4)
  A scorpion (D:4)
  An orc wizard (D:4)
  An orc priest (D:3)
  A bullfrog skeleton (D:2)
  3 worker ants (D:4)
  7 adders
  An adder skeleton (D:4)
  4 worms
  A leopard gecko (D:1)
  11 orcs
  6 giant cockroaches
  4 goblins
  3 hobgoblins
  2 jackals (D:3)
  8 kobolds
  2 quokkas
  5 bats
  3 frilled lizards
  A quokka skeleton (D:4)
  2 rats
  A spectral orc (D:3)
69 creatures vanquished.

Notes
Turn   | Place    | Note
-------+----------+-------------------------------------------
     0 | D:1      | AlterAsc the Vine Stalker Transmuter began the quest for
                  | the Orb.
     0 | D:1      | Reached XP level 1. HP: 9/9 MP: 4/4
   211 | D:1      | Reached skill level 1 in Fighting
   334 | D:1      | Reached XP level 2. HP: 13/14 MP: 4/6
   686 | D:2      | Reached XP level 3. HP: 8/18 MP: 4/7
  1079 | D:2      | Gained mutation: Your natural rate of healing is unusually
                  | fast. [Vine Stalker growth]
  1079 | D:2      | Reached XP level 4. HP: 20/22 MP: 5/9
  1096 | D:2      | Found an opulent altar of Gozag.
  1194 | D:2      | Found a shadowy altar of Dithmenos.
  1483 | D:3      | Reached skill level 4 in Unarmed Combat
  1572 | D:3      | Reached XP level 5. HP: 21/26 MP: 7/10
  1875 | D:3      | Found an iron altar of Okawaru.
  1929 | D:3      | Noticed Ijyb
  2052 | D:3      | Found a basalt altar of Yredelemnul.
  2304 | D:4      | Found a transporter.
  2400 | D:4      | Reached XP level 6. HP: 12/31 MP: 9/12
  2551 | D:4      | Reached skill level 5 in Unarmed Combat
  2638 | D:4      | Reached XP level 7. HP: 32/35 MP: 13/13
  2667 | D:4      | HP: 1/35 [something (1)]
  2669 | D:4      | Slain by an orc wizard

Levels and vault maps discovered:
D:1:      enne_arrival_octagon_isle, layout_loops_ring
D:2:      layout_rooms, grunt_gozag_statues, first_ration, grunt_dithmenos_smoke
D:3:      layout_basic, yredelemnul_forgotten_temple_becter, okawaru_gym_becter,
          uniq_ijyb
D:4:      layout_rooms, regret_index_temple_of_mockery,
          gammafunk_ghost_mausoleum, moated_statue

Skill      XL: |  1  2  3  4  5  6 |
---------------+-------------------+-----
Fighting       | 1 2 |  2.7
Unarmed Combat | 4 5 |  5.2
Spellcasting   | 3 |  3.7
Transmutations | 3 |  3.6
Dodging        | |  1.7

Action                   |  1- 3 |  4- 6 |  7- 9 || total
-------------------------+-------+-------+-------++-------
Melee: Unarmed           |    77 |   186 |    12 ||   275
       Bite              |    17 |    40 |     3 ||    60
       Kick              |    16 |    16 |     1 ||    33
       Headbutt          |     2 |    12 |       ||    14
       Punch             |     2 |     2 |       ||     4
 Cast: Beastly Appendage |    12 |    22 |       ||    34
  Use: Scroll            |       |     5 |       ||     5
       Potion            |       |       |     1 ||     1
 Stab: Sleeping          |       |     1 |       ||     1
  Eat: Chunk             |     1 |     5 |       ||     6
Armor: Robe              |     3 |    26 |     1 ||    30
Dodge: Dodged            |    58 |    93 |     5 ||   156
